[ AOE2 MATCH · #493817816 ]
UnrankedByzantines vs Chinese
Rival team · LOSS
[ REPLAY ANALYSIS · EXTRACTED FROM THE RECORDED GAME ]
Feudal
9:19
Castle
—
Imperial
—
| APM avg | 65.8 |
| APM peak | 99 |
| eAPM avg | 24.8 |
| Villagers / military | 44 / 19 |
Focus
⚔️ 36.4% · 🌾 63.6%
Archer ×6 · Skirmisher ×6 · Scout Cavalry ×6 · Spearman ×1
Feudal
9:41
Castle
19:28
Imperial
—
| APM avg | 45.3 |
| APM peak | 78 |
| eAPM avg | 22.3 |
| Villagers / military | 49 / 9 |
Focus
⚔️ 30.4% · 🌾 69.6%
Skirmisher ×6 · Spearman ×2 · Archer ×1
Match map
Initial resources + every placement click. Lines = walls · curves = elevation contours. ◆ gold · ⬟ stone · ● berries · ✦ relic · ◌ wall gap
Your base· Open — unwalled flank
jekyll's base· Open — unwalled flank
Smoothed initial terrain · ◌ = detected wall gap · hover for details
Inputs per minute
— 明太宗Judy - - jekyll
Build order — 明太宗Judy
115 actions detected in the replay
| 0:01 | Queue | Villager (Male) |
| 0:01 | Queue | Villager (Male) |
| 0:02 | Build | House |
| 0:04 | Build | House |
| 0:15 | Queue | Villager (Male) |
| 0:22 | Queue | Villager (Male) |
| 0:22 | Queue | Villager (Male) |
| 1:25 | Queue | Villager (Male) |
| 1:26 | Queue | Villager (Male) |
| 2:02 | Queue | Villager (Male) |
| 2:02 | Queue | Villager (Male) |
| 2:17 | Build | Lumber Camp |
| 2:28 | Queue | Villager (Male) |
| 2:50 | Queue | Villager (Male) |
| 3:10 | Queue | Villager (Male) |
| 3:30 | Queue | Villager (Male) |
| 4:01 | Queue | Villager (Male) |
| 4:16 | Research | Loom |
| 4:17 | Build | House |
| 4:41 | Queue | Villager (Male) |
| 5:10 | Queue | Villager (Male) |
| 5:47 | Queue | Villager (Male) |
| 6:10 | Build | Mill |
| 6:12 | Queue | Villager (Male) |
| 6:38 | Queue | Villager (Male) |
| 7:09 | Research | Feudal Age |
| 7:10 | Research | Feudal Age |
| 8:04 | Build | Barracks |
| 8:11 | Build | House |
| 8:50 | Queue | Villager (Male) |
| 9:19 | Age | Feudal Age |
| 9:21 | Build | Stable |
| 9:27 | Research | Double-Bit Axe |
| 9:43 | Queue | Villager (Male) |
| 9:50 | Queue | Spearman |
| 9:54 | Research | Horse Collar |
| 9:55 | Research | Horse Collar |
| 9:56 | Queue | Villager (Male) |
| 10:04 | Queue | Scout Cavalry |
| 10:07 | Build | House |
| 10:22 | Build | Farm |
| 10:23 | Queue | Scout Cavalry |
| 10:26 | Build | Farm |
| 10:29 | Queue | Villager (Male) |
| 10:37 | Build | House |
| 10:53 | Build | Farm |
| 10:57 | Queue | Villager (Male) |
| 11:07 | Queue | Scout Cavalry |
| 11:15 | Build | Farm |
| 11:39 | Queue | Villager (Male) |
| 11:41 | Build | Farm |
| 11:52 | Queue | Villager (Male) |
| 11:54 | Build | Farm |
| 12:06 | Queue | Scout Cavalry |
| 12:22 | Queue | Villager (Male) |
| 12:24 | Build | Farm |
| 12:35 | Build | Farm |
| 12:52 | Build | Archery Range |
| 12:53 | Queue | Villager (Male) |
| 13:03 | Build | House |
| 13:14 | Queue | Villager (Male) |
| 13:25 | Build | Mining Camp |
| 13:37 | Queue | Villager (Male) |
| 13:38 | Queue | Scout Cavalry |
| 13:58 | Queue | Villager (Male) |
| 13:59 | Queue | Archer |
| 14:00 | Queue | Archer |
| 14:04 | Queue | Skirmisher |
| 14:08 | Build | House |
| 14:13 | Queue | Villager (Male) |
| 14:14 | Build | Farm |
| 14:16 | Build | Farm |
| 14:38 | Queue | Skirmisher |
| 14:45 | Queue | Villager (Male) |
| 14:59 | Queue | Villager (Male) |
| 15:03 | Queue | Skirmisher |
| 15:08 | Build | Lumber Camp |
| 15:11 | Build | House |
| 15:16 | Queue | Archer |
| 15:28 | Build | Blacksmith |
| 15:32 | Queue | Villager (Male) |
| 15:34 | Build | Farm |
| 15:37 | Build | Farm |
| 15:43 | Queue | Archer |
| 16:06 | Build | House |
| 16:09 | Queue | Villager (Male) |
| 16:16 | Research | Fletching |
| 16:21 | Build | Farm |
| 16:22 | Build | Farm |
| 16:23 | Queue | Scout Cavalry |
| 16:27 | Queue | Skirmisher |
| 16:33 | Queue | Villager (Male) |
| 16:38 | Build | House |
| 16:49 | Queue | Villager (Male) |
| 16:50 | Build | Farm |
| 16:57 | Build | Farm |
| 17:19 | Queue | Villager (Male) |
| 17:25 | Queue | Archer |
| 17:44 | Queue | Villager (Male) |
| 17:49 | Build | House |
| 18:06 | Queue | Villager (Male) |
| 18:11 | Build | Market |
| 18:27 | Queue | Archer |
| 18:30 | Build | House |
| 18:31 | Queue | Villager (Male) |
| 19:05 | Queue | Villager (Male) |
| 19:11 | Queue | Skirmisher |
| 19:13 | Queue | Villager (Male) |
| 19:35 | Research | Castle Age |
| 19:36 | Research | Castle Age |
| 19:36 | Research | Castle Age |
| 19:44 | Research | Padded Archer Armor |
| 19:44 | Research | Padded Archer Armor |
| 19:46 | Queue | Skirmisher |
| 19:49 | Build | House |
Build order — jekyll
101 actions detected in the replay
| 0:04 | Research | Loom |
| 0:50 | Queue | Villager (Male) |
| 0:51 | Queue | Villager (Male) |
| 0:51 | Queue | Villager (Male) |
| 1:14 | Queue | Villager (Male) |
| 1:14 | Queue | Villager (Male) |
| 1:15 | Queue | Villager (Male) |
| 1:40 | Queue | Villager (Male) |
| 1:40 | Queue | Villager (Male) |
| 2:06 | Build | House |
| 2:09 | Queue | Villager (Male) |
| 2:09 | Queue | Villager (Male) |
| 2:09 | Queue | Villager (Male) |
| 2:24 | Queue | Villager (Male) |
| 2:57 | Queue | Villager (Male) |
| 3:06 | Queue | Villager (Male) |
| 3:06 | Queue | Villager (Male) |
| 3:06 | Queue | Villager (Male) |
| 3:36 | Build | Lumber Camp |
| 3:47 | Queue | Villager (Male) |
| 3:51 | Queue | Villager (Male) |
| 4:07 | Queue | Villager (Male) |
| 4:07 | Queue | Villager (Male) |
| 4:07 | Queue | Villager (Male) |
| 5:00 | Queue | Villager (Male) |
| 5:02 | Queue | Villager (Male) |
| 5:02 | Queue | Villager (Male) |
| 5:03 | Queue | Villager (Male) |
| 5:23 | Queue | Villager (Male) |
| 5:24 | Queue | Villager (Male) |
| 5:30 | Queue | Villager (Male) |
| 6:17 | Build | House |
| 6:58 | Queue | Villager (Male) |
| 7:11 | Build | Mill |
| 7:31 | Research | Feudal Age |
| 8:00 | Build | House |
| 8:24 | Build | Farm |
| 8:29 | Build | Farm |
| 9:10 | Queue | Villager (Male) |
| 9:41 | Age | Feudal Age |
| 9:42 | Queue | Villager (Male) |
| 10:19 | Queue | Villager (Male) |
| 10:21 | Build | Barracks |
| 10:29 | Queue | Villager (Male) |
| 10:53 | Research | Double-Bit Axe |
| 10:57 | Queue | Villager (Male) |
| 11:03 | Build | House |
| 11:08 | Queue | Spearman |
| 11:36 | Queue | Villager (Male) |
| 11:36 | Queue | Villager (Male) |
| 11:49 | Build | Farm |
| 11:52 | Build | Mining Camp |
| 11:58 | Queue | Villager (Male) |
| 12:15 | Build | Farm |
| 12:23 | Queue | Spearman |
| 12:27 | Build | Palisade Gate |
| 12:40 | Queue | Villager (Male) |
| 12:54 | Build | Farm |
| 12:55 | Queue | Villager (Male) |
| 13:01 | Build | House |
| 13:11 | Build | House |
| 13:14 | Build | Blacksmith |
| 13:20 | Queue | Villager (Male) |
| 13:27 | Build | Palisade Wall |
| 13:29 | Build | Palisade Wall |
| 13:33 | Queue | Villager (Male) |
| 13:38 | Build | House |
| 14:28 | Build | Farm |
| 14:33 | Build | Palisade Wall |
| 14:39 | Build | House |
| 14:41 | Queue | Villager (Male) |
| 15:05 | Build | Market |
| 15:07 | Queue | Villager (Male) |
| 15:15 | Build | Farm |
| 15:29 | Queue | Villager (Male) |
| 15:32 | Build | Farm |
| 15:38 | Build | Archery Range |
| 15:47 | Build | Archery Range |
| 15:49 | Queue | Villager (Male) |
| 15:51 | Build | House |
| 16:41 | Build | Lumber Camp |
| 16:48 | Research | Castle Age |
| 16:48 | Research | Castle Age |
| 17:10 | Build | Palisade Gate |
| 17:12 | Build | House |
| 17:24 | Queue | Skirmisher |
| 17:42 | Build | Palisade Wall |
| 17:57 | Queue | Skirmisher |
| 17:57 | Queue | Archer |
| 18:01 | Research | Padded Archer Armor |
| 18:21 | Build | Mining Camp |
| 18:25 | Queue | Skirmisher |
| 18:46 | Queue | Skirmisher |
| 19:14 | Queue | Skirmisher |
| 19:28 | Age | Castle Age |
| 19:38 | Queue | Skirmisher |
| 19:40 | Queue | Villager (Male) |
| 19:40 | Queue | Villager (Male) |
| 19:40 | Queue | Villager (Male) |
| 19:40 | Queue | Villager (Male) |
| 19:43 | Build | Town Center |
Match timeline
| 8:04 | 明太宗Judy · first_building Barracks |
| 9:19 | 明太宗Judy · age_up feudal |
| 9:21 | 明太宗Judy · first_building Stable |
| 9:41 | jekyll · age_up feudal |
| 10:21 | jekyll · first_building Barracks |
| 12:52 | 明太宗Judy · first_building Archery Range |
| 13:27 | jekyll · wall_segment Palisade Wall x1 |
| 13:29 | jekyll · wall_segment Palisade Wall x1 |
| 14:33 | jekyll · wall_segment Palisade Wall x1 |
| 15:38 | jekyll · first_building Archery Range |
| 16:26 | jekyll · first_market_buy 100 food |
| 16:29 | jekyll · first_market_sell 100 wood |
| 17:42 | jekyll · wall_segment Palisade Wall x1 |
| 19:16 | 明太宗Judy · first_market_sell 100 wood |
| 19:18 | 明太宗Judy · first_market_buy 100 food |
| 19:28 | jekyll · age_up castle |
| 19:55 | jekyll · resign |
[ AI ANALYSIS · 1 CREDIT ]
What really happened in this match?
Wolo.gg analyzes every decision: build order, eco, micro, common mistakes by bracket. Personalized analysis on WhatsApp or Discord in 30 seconds.
Civ guide
Byzantines
Perfil
Jugador #1501740